 Dungeon Crawl Stone Soup version 0.30.1-9-gdf580d7c3d (webtiles) character file.

Game seed: 13057559108347362997

4382 Runnerthe2 the Cleaver (level 10, -3/88 HPs)
             Began as a Minotaur Berserker on June 2, 2023.
             Was an Elder of Trog.
             Slain by a yak (12 damage)
             ... on level 9 of the Dungeon on Sept 27, 2023.
             The game lasted 00:18:13 (9629 turns).

Runnerthe2 the Cleaver (Minotaur Berserker)         Turns: 9629, Time: 00:18:14

Health: -3/88      AC: 11    Str: 25    XL:     10   Next: 13%
Magic:  9/9        EV: 10    Int:  4    God:    Trog [****..]
Gold:   401        SH:  5    Dex: 11    Spells: 9/9 levels left

rFire   . . .        a - +0 hand axe
rCold   . . .        r - +1 buckler
rNeg    . . .        l - +0 chain mail
rPois   +            (helmet restricted)
rElec   .            (no cloak)
rCorr   .            (no gloves)
SInv    .            (no boots)
Will    .....        x - amulet of magic regeneration Stlth
                     o - +4 ring of slaying
HPRegen 0.34/turn    C - ring of poison resistance
MPRegen 0.51/turn

%: no passive effects
@: no status effects
A: horns 2, retaliatory headbutt
a: Renounce Religion, Berserk, Trog's Hand, Brothers in Arms


You were on level 9 of the Dungeon.
You worshipped Trog.
Trog was greatly pleased with you.
You visited 1 branch of the dungeon, and saw 9 of its levels.

You collected 401 gold pieces.

Inventory:

Hand Weapons
 a - a +0 hand axe (weapon)
Armour
 b - a +0 animal skin
 i - a +0 cloak
 k - a +0 leather armour
 l - a +0 chain mail (worn)
 r - a +1 buckler (worn)
Jewellery
 o - a +4 ring of slaying (left hand)
 x - an amulet of magic regeneration (around neck)
 C - a ring of poison resistance (right hand)
 D - a ring of protection from fire
 E - a ring of protection from fire
Wands
 t - a wand of mindburst (10)
 u - a wand of digging (5)
 G - a wand of quicksilver (1)
Scrolls
 d - 2 scrolls of silence
 f - 4 scrolls of vulnerability
 g - 5 scrolls of teleportation
 h - 2 scrolls of immolation
 m - 7 scrolls of identify
 p - 2 scrolls of fog {unknown}
 v - a scroll of fear {unknown}
 y - 3 scrolls of poison {unknown}
Potions
 c - a potion of cancellation {unknown}
 e - a potion of brilliance {unknown}
 j - 6 potions of flight {unknown}
 n - 3 potions of heal wounds {unknown}
 q - 3 potions of degeneration {unknown}
 s - 2 potions of resistance {unknown}
 w - a potion of lignification {unknown}
 z - 2 potions of might {unknown}
 A - a potion of magic {unknown}
 B - a potion of curing {unknown}
 F - 2 potions of ambrosia {unknown}
 H - a potion of attraction {unknown}


   Skills:
 + Level 7.9 Fighting
 + Level 12.0 Axes
 + Level 9.3 Armour
 + Level 4.8 Dodging
 + Level 2.3 Stealth
 + Level 3.8 Shields


You had 9 spell levels left.
You didn't know any spells.
Your spell library was empty.

Dungeon Overview and Level Annotations

Branches:
Dungeon (9/15)             Temple (0/1) D:4
   Lair: D:8-11         Orc: D:9-12

Altars:
Gozag
Nemelex Xobeh

Shops:
D:8 *


Innate Abilities, Weirdness & Mutations

You have a pair of horns on your head.
You reflexively headbutt those who attack you in melee.


Message History

The yak gores you but does no damage.
There is an open door here.
The yak attacks as you move away! The yak gores you.
The yak attacks as you move away! The yak gores you.
* * * LOW HITPOINT WARNING * * *
You hit the yak.
The yak is severely wounded.
You hit the yak but do no damage.
The yak is severely wounded.
The yak gores you but does no damage.
You barely miss the yak.
The yak is severely wounded.
You hit the yak.
The yak is severely wounded.
You hit the yak. You block the yak's attack. The yak gores you.
* * * LOW HITPOINT WARNING * * *
You slash the yak!
You kill the yak!
Trog accepts your kill.
You hit the yak. You hit the yak.
The yak is almost dead.
You hit the yak but do no damage.
The yak is almost dead.
You block the yak's attack.
You barely miss the yak.
The yak is almost dead.
You closely miss the yak. The yak gores you.
* * * LOW HITPOINT WARNING * * *
The yak gores you!
* * * LOW HITPOINT WARNING * * *
You completely miss the yak. You headbutt the yak.
You kill the yak!
Trog accepts your kill.
You hit the yak.
Your Axes skill increases to level 12!
You slash the yak! You headbutt the yak!
The yak is severely wounded.
The yak gores you!
You die...

.....#..######...#....#
.....+......##...#....#
.....#......##...#....#
.<...#...........#....#
.#####...........#....#
.'...............'....#
.#..##..##..###.†#....#
<#..######..###Y##....#
.#......'......†@+.Y..#
.#......#........#....#
.#......#........#..Y.#
.#..##..###..##..#....#
.#..##### #..##..#....#
##... .....#..# #...
.....#..# #... ...#..#
#..


You could see a yak.

Vanquished Creatures
  A two-headed ogre (D:8)
  10 yaks
  2 ice beasts
  A sky beast (D:7)
  A black bear (D:5)
  A phantom (D:5)
  4 ogres
  A centaur (D:6)
  5 kobold brigands
  2 bullfrogs (D:8)
  4 scorpions
  A howler monkey (D:6)
  5 hounds
  2 jellies
  3 orc priests
  Crazy Yiuf (D:2)
  Jessica (D:3)
  3 iguanas
  Natasha (D:2)
  3 orc wizards
  8 adders
  A shadow imp (D:8)
  3 white imps
  An ufetubus (D:5)
  2 worms
  2 dart slugs
  22 orcs
  8 bats
  9 endoplasms
  6 giant cockroaches
  10 goblins
  12 hobgoblins
  37 kobolds
  5 quokkas
  5 ball pythons
  A frilled lizard (D:3)
  3 rats
187 creatures vanquished.

Notes
Turn   | Place    | Note
-------+----------+-------------------------------------------
     0 | D:1      | Runnerthe2 the Minotaur Berserker began the quest for the
                  | Orb.
     0 | D:1      | Reached XP level 1. HP: 19/19 MP: 0/0
   252 | D:1      | Reached skill level 4 in Axes
   295 | D:1      | Reached XP level 2. HP: 27/27 MP: 1/1
   883 | D:2      | Reached XP level 3. HP: 31/34 MP: 2/2
   997 | D:2      | Found a faded altar of an unknown god.
  1155 | D:2      | Reached ** piety under Trog
  1472 | D:2      | Noticed Natasha
  1482 | D:2      | Killed Natasha
  1483 | D:2      | Reached XP level 4. HP: 22/41 MP: 3/3
  1744 | D:2      | Upgraded the game from 0.30.0-20-g3b4254fcbd to
                  | 0.30.0-29-ga12c61a403
  1885 | D:2      | Found a runed translucent door.
  1886 | D:2      | Noticed Crazy Yiuf
  1938 | D:2      | Killed Crazy Yiuf
  2136 | D:3      | Reached skill level 5 in Axes
  2139 | D:3      | Reached skill level 1 in Stealth
  2139 | D:3      | Reached XP level 5. HP: 36/47 MP: 4/4
  2145 | D:3      | Reached skill level 5 in Fighting
  2960 | D:3      | Noticed Jessica
  2967 | D:3      | Killed Jessica
  2968 | D:3      | Reached XP level 6. HP: 49/56 MP: 5/5
  3019 | D:3      | Reached skill level 6 in Axes
  3244 | D:4      | Reached *** piety under Trog
  3888 | D:4      | Reached skill level 7 in Axes
  3888 | D:4      | Reached XP level 7. HP: 25/61 MP: 6/6
  4148 | D:4      | Upgraded the game from 0.30.0-29-ga12c61a403 to
                  | 0.30.1-4-g462c640d31
  4440 | D:4      | Found a staircase to the Ecumenical Temple.
  4739 | D:5      | Entered Level 5 of the Dungeon
  4813 | D:5      | Reached skill level 1 in Shields
  5057 | D:5      | Reached skill level 8 in Axes
  5134 | D:5      | Found a sand-covered staircase.
  5464 | D:6      | Reached XP level 8. HP: 58/70 MP: 7/7
  5622 | D:6      | Reached skill level 5 in Armour
  6208 | D:6      | Reached skill level 9 in Axes
  6361 | D:6      | Found an opulent altar of Gozag.
  6933 | D:7      | Reached **** piety under Trog
  7697 | D:7      | Found a sparkling altar of Nemelex Xobeh.
  7726 | D:7      | Reached skill level 10 in Axes
  7726 | D:7      | Reached XP level 9. HP: 71/78 MP: 8/8
  8129 | D:8      | Reached skill level 11 in Axes
  8602 | D:8      | Noticed a two-headed ogre
  8610 | D:8      | Killed a two-headed ogre
  8877 | D:8      | Found Xorileh's General Store.
  9512 | D:8      | Upgraded the game from 0.30.1-4-g462c640d31 to
                  | 0.30.1-9-gdf580d7c3d
  9605 | D:9      | Reached XP level 10. HP: 76/88 MP: 9/9
  9629 | D:9      | Reached skill level 12 in Axes
  9629 | D:9      | Slain by a yak

Illustrated notes

Levels and vault maps discovered:
D:1:      dpeg_arrival_arbitrary_c, layout_basic
D:2:      layout_loops_corners, shapermc_ecumenical_altar_mp_vishouse,
          st_stairs_8, uniq_natasha, uniq_crazy_yiuf_cottage
D:3:      minmay_octagon_keep, layout_basic, minmay_misc_feat_columns,
          minmay_ruptured, uniq_jessica
D:4:      layout_layer_cave, minmay_temple_entry_fiery,
          kennysheep_opposing_triangles
D:5:      layout_loops_ring, chequers_ossuary_entry_cave, minivault_24,
          minmay_holes
D:6:      cheibrodos_thug_alley, layout_loops_ring,
          mainiacjoe_overflow_surrounded_room, roderic_lattice_a
D:7:      layout_cave_pods, mainiacjoe_overflow_six_doors_small
D:8:      layout_layer_cave, serial_shops, nicolae_shop_tiny_statue_garden
D:9:      layout_gridville, kennysheep_nub, dk_noncrumbling_3,
          minmay_variable_closet

Skill      XL: |  1  2  3  4  5  6  7  8  9 10 |
---------------+-------------------------------+-----
Axes           | 4 5 7 8 10 11 12 | 12.0
Fighting       | 4 5 6 7 |  7.9
Armour         | 3 4 7 9 |  9.3
Stealth        | 1 2 |  2.3
Dodging        | 3 4 |  4.8
Shields        | 1 2 3 |  3.8

Action                     |  1- 3 |  4- 6 |  7- 9 | 10-12 || total
---------------------------+-------+-------+-------+-------++-------
  Melee: Hand axe          |    76 |   116 |   246 |    21 ||   459
         Headbutt          |    10 |    19 |    50 |     3 ||    82
 Invoke: Berserk           |       |     1 |     1 |       ||     2
    Use: Scroll            |       |     7 |       |       ||     7
   Stab: Sleeping          |       |     2 |       |       ||     2
 Armour: Animal skin       |     6 |       |       |       ||     6
         Leather armour    |     6 |    14 |       |       ||    20
         Chain mail        |       |    11 |    91 |     9 ||   111
  Dodge: Dodged            |    39 |    42 |    73 |     4 ||   158
  Block: Buckler           |       |    17 |    50 |     4 ||    71
